 Dungeon Crawl Stone Soup version 0.30-a0-50-gb2d611f6b1 (webtiles) character file.

Game seed: 2825223938398637201

10 purpskrrrp the Covered (level 2, -2/25 HPs)
             Began as a Demigod Fighter on Sept 4, 2022.
             Slain by a gnoll
             ... wielding a +0 flail
              (5 damage)
             ... on level 1 of the Dungeon.
             The game lasted 00:00:38 (194 turns).

purpskrrrp the Covered (Demigod Fighter)             Turns: 194, Time: 00:00:38

Health: -2/25      AC:  9    Str: 17    XL:     2   Next: 0%
Magic:  4/4        EV:  6    Int: 10    God:
Gold:   10         SH:  4    Dex: 13    Spells: 1/1 levels left

rFire   . . .      SeeInvis .    a - +0 flail
rCold   . . .      Faith    .    c - +0 buckler
rNeg    . . .      Spirit   .    f - +0 chain mail
rPois   .          Reflect  .    (no helmet)
rElec   .          Harm     .    (no cloak)
rCorr   .          Rampage  .    (no gloves)
Will    .....                    (no boots)
Stlth   ..........               (no amulet)
HPRegen 0.08/turn                (no ring)
MPRegen 0.09/turn                (no ring)

@: mighty
A: high MP 1, forlorn, divine attributes
a: no special abilities


You were on level 1 of the Dungeon.
You visited 1 branch of the dungeon, and saw 1 of its levels.

You collected 10 gold pieces.

Inventory:

Hand Weapons
 a - a +0 flail (weapon)
Armour
 b - a +0 scale mail
 c - a +0 buckler (worn)
 f - a +0 chain mail (worn)
Scrolls
 e - a scroll of teleportation {unknown}


   Skills:
 + Level 2.7 Fighting
 * Level 2.0 Maces & Flails
 + Level 2.8 Armour
 + Level 0.3 Dodging
 + Level 0.4 Stealth
 + Level 2.7 Shields


You had one spell level left.
You didn't know any spells.
Your spell library was empty.

Dungeon Overview and Level Annotations

Branches:
Dungeon (1/15)


Innate Abilities, Weirdness & Mutations

You have an increased reservoir of magic. (+10% MP)
You shall have no god before yourself.
Your divine heritage dramatically boosts your attributes as you level up.


Message History

Found a ring mail.
Found a stone staircase leading down.
Found 14 gold pieces.
You see here a +0 chain mail.
You start removing your armour.
You continue taking off your +0 scale mail. x4
You finish taking off your +0 scale mail.
You start putting on your armour.
You continue putting on your +0 chain mail. x5
You finish putting on your +0 chain mail.
A giant cockroach comes into view.
Found a stone staircase leading down.
The giant cockroach moves out of view.
A hobgoblin comes into view.
The hobgoblin shouts!
There are monsters nearby!
There are monsters nearby!
There are monsters nearby!
A gnoll comes into view. It is wielding a +0 flail.
You barely miss the hobgoblin.
The gnoll shouts!
The hobgoblin barely misses you. x2; The giant cockroach closely misses you.
You hit the gnoll but do no damage. The giant cockroach bites you.
The gnoll hits you with a +0 flail. The hobgoblin completely misses you.
You closely miss the gnoll.
The giant cockroach bites you but does no damage.
The hobgoblin hits you but does no damage.
The gnoll hits you with a +0 flail. The giant cockroach barely misses you.
You closely miss the gnoll. The hobgoblin hits you.
The gnoll hits you but does no damage. The giant cockroach barely misses you.
You hit the gnoll.
The gnoll is moderately wounded.
You block the hobgoblin's attack. The gnoll hits you with a +0 flail.
The giant cockroach bites you but does no damage.
You block the hobgoblin's attack. The gnoll hits you with a +0 flail.
* * * LOW HITPOINT WARNING * * *
The giant cockroach bites you but does no damage.
You feel very mighty all of a sudden. The giant cockroach barely misses you.
The hobgoblin closely misses you. The gnoll hits you with a +0 flail.
You die...

####.... #....♣. ♣.. .#
#. #.....##. ..##.# #..
#.....#♣.♣# #....##...#
#.....##...# ........##
#.....###...##...#.....
#.......#....#.....$..
#.....#.#.#.#.#.B.#
#.†...#.##.#[#.@g.#
#.....#...#...#.g...#
##..........#.#.....##
#..........#.#.#....#
...............).#....
....................>..
...................#.#.#
.......).........###...#
.......†..........#


You could see a gnoll, a giant cockroach and a hobgoblin.

Vanquished Creatures
  2 bats (D:1)
  An endoplasm (D:1)
  2 goblins (D:1)
  2 ball pythons (D:1)
  2 frilled lizards (D:1)
  A rat (D:1)
10 creatures vanquished.

Notes
Turn   | Place    | Note
-------+----------+-------------------------------------------
     0 | D:1      | purpskrrrp the Demigod Fighter began the quest for the Orb.
     0 | D:1      | Reached XP level 1. HP: 18/18 MP: 3/3
   167 | D:1      | Reached XP level 2. HP: 24/25 MP: 4/4
   194 | D:1      | Slain by a gnoll

Illustrated notes

Levels and vault maps discovered:
D:1:      nicolae_arrival_memento_mori, layout_rooms, serial_forest,
          infiniplex_forest_lined_2, infiniplex_forest_lined_corner,
          infiniplex_forest_lined_4_way, infiniplex_forest_diagonal,
          infiniplex_forest_end_1, infiniplex_forest_clump_diagonal,
          infiniplex_forest_end_2, ebering_ecumenical_altar_rust,
          minmay_tiny_reverse_x

Skill      XL: |  1 |
---------------+----+-----
Maces & Flails | 2 |  2.0
Fighting       | |  2.7
Armour         | |  2.8
Dodging        | |  0.3
Stealth        | |  0.4
Shields        | |  2.7

Action                   || total
-------------------------++-------
Melee: Flail             ||    36
  Use: Potion            ||     1
Armor: Scale mail        ||    15
       Chain mail        ||     5
Dodge: Dodged            ||    28
Block: Buckler           ||    11

Table legend: (Time is in decaauts)
 A = Elapsed time spent in this place.
 B = Non-inter-level travel time spent in this place.
 C = Inter-level travel time spent in this place.
 D = Time resting spent in this place.
 E = Time spent auto-exploring this place.
 F = Levels seen in this place.
 G = Mean time per level.
                   A        B        C        D        E       F      G
               +--------+--------+--------+--------+--------+-----+--------+
         Total |    206 |    197 |      9 |      0 |    120 |   1 |  206.0 |
       Dungeon |    206 |    197 |      9 |      0 |    120 |   1 |  206.0 |
               +--------+--------+--------+--------+--------+-----+--------+

Top non-repeatable levels by time:
     D:1: 206 daAuts
